 Dungeon Crawl Stone Soup version 0.30-a0-331-g8ab09dc110 (webtiles) character file.

Game seed: 744755050530103964

80 p00ps00p the Trooper (level 4, -1/39 HPs)
             Began as a Demonspawn Fighter on Oct 30, 2022.
             Slain by a gnoll
             ... wielding a +0 spear
              (6 damage)
             ... on level 2 of the Dungeon.
             The game lasted 00:03:16 (1079 turns).

p00ps00p the Trooper (Demonspawn Fighter)           Turns: 1079, Time: 00:03:16

Health: -1/39      AC: 11    Str: 16    XL:     4   Next: 18%
Magic:  4/4        EV:  6    Int: 10    God:
Gold:   66         SH:  8    Dex: 14    Spells: 3/3 levels left

rFire   . . .      SeeInvis .    a - +0 war axe
rCold   . . .      Faith    .    c - +0 buckler
rNeg    . . .      Spirit   .    n - +1 chain mail {rPois}
rPois   +          Reflect  .    h - +0 helmet
rElec   .          Harm     .    (no cloak)
rCorr   .          Rampage  .    (no gloves)
Will    .....                    (no boots)
Stlth   ..........               (no amulet)
HPRegen 0.26/turn                (no ring)
MPRegen 0.09/turn                (no ring)

@: mighty, brilliant
A: condensation shield
a: no special abilities


You were on level 2 of the Dungeon.
You visited 1 branch of the dungeon, and saw 2 of its levels.

You collected 66 gold pieces.

Inventory:

Hand Weapons
 a - a +0 war axe (weapon)
Missiles
 j - 6 javelins (quivered)
Armour
 c - a +0 buckler (worn)
 h - a +0 helmet (worn)
 n - a +1 chain mail of poison resistance (worn)
Jewellery
 m - a ring of flight
Scrolls
 e - 2 scrolls of identify {unknown}
 f - a scroll of noise {unknown}
 i - a scroll of teleportation {unknown}
 k - a scroll of enchant weapon {unknown}
Potions
 g - a potion of lignification {unknown}
 l - a potion of curing {unknown}


   Skills:
 + Level 5.1 Fighting
 - Level 1.7 Axes
 - Level 2.6 Armour
 - Level 2.6 Shields


You had 3 spell levels left.
You didn't know any spells.
Your spell library contained the following spells:

 Spells                   Type           Power      Damage    Failure   Level
 Summon Small Mammal      Summ           0%         N/A       100%        1
 Call Canine Familiar     Summ           0%         N/A       100%        3
 Summon Guardian Golem    Hex/Summ       0%         N/A       100%        3


Dungeon Overview and Level Annotations

Branches:
Dungeon (2/15)

Altars:

Shops:
D:1 [


Innate Abilities, Weirdness & Mutations

A meltable shield of frost defends you. (SH +4)


Message History

You closely miss the hobgoblin. The hobgoblin barely misses you.
You block the gnoll's attack. The gnoll hits you but does no damage.
The hobgoblin hits you but does no damage.
The gnoll hits you but does no damage. You block the gnoll's attack.
You slash the gnoll!
You kill the gnoll!
You slash the hobgoblin!
You kill the hobgoblin!
The gnoll hits you but does no damage. You block the ball python's attack.
The ball python barely misses you.
Your Fighting skill increases to level 5!
The ball python attacks as you move away!
The ball python bites you but does no damage.
You block the ball python's attack. The ball python barely misses you.
The ball python attacks as you move away!
You block the ball python's attack. x2
The ball python attacks as you move away!
The ball python bites you.
* * * LOW HITPOINT WARNING * * *
The ball python bites you but does no damage.
You block the ball python's attack.
You closely miss the ball python. You slash the plant!
The plant begins to die.
The gnoll hits you from afar with a +0 spear.
* * * LOW HITPOINT WARNING * * *
The ball python bites you but does no damage.
You block the ball python's attack. The gnoll hits you but does no damage.
You hit the ball python.
The ball python is severely wounded.
You hit the plant. The ball python barely misses you.
The ball python grabs you. The ball python constricts you.
The ball python bites you but does no damage.
The ball python constricts you.
* * * LOW HITPOINT WARNING * * *
The gnoll hits you from afar with a +0 spear.
* * * LOW HITPOINT WARNING * * *
You escape the ball python's grasp.
A nearby plant withers and dies.
It was a potion of brilliance.
You feel clever all of a sudden.
The gnoll hits you from afar with a +0 spear.
You die...

........##...................####
........################.#.#...#
..♣♣♣♣....................>..# ##
.♣ ♣♣.################.#.#.# #.
♣♣###...## #.#...# #.
#P.♣.P#########.#.### #.
♣##P.♣.P..............# #.
♣...P♣♣g.........##.#.# #.
♣♣#...†♣g.S@.......##.#.# #.
♣.....)..#########.##.#.# #.
........#### #♣..♣..#.# #.
......... ♣ ♣P..♣#.#.# #.
....#...#. ♣.P.♣..♣##.#.# #.
.♣..#...... P..P.♣♣ #..). #. ♣?
####. ..♣P...P♣# #. ♣ . ..♣♣PP..
#. .. ..


PP. ♣... You could see 2 gnolls and a ball python.

Vanquished Creatures
  Terence (D:2)
  A gnoll (D:2)
  2 adders (D:2)
  A dart slug (D:1)
  An endoplasm (D:1)
  4 goblins
  4 hobgoblins
  3 jackals (D:1)
  A quokka (D:1)
  3 ball pythons (D:1)
  4 frilled lizards
  2 rats
27 creatures vanquished.

Vanquished Creatures (others)
  3 plants (D:2)
3 creatures vanquished.

Grand Total: 30 creatures vanquished

Notes
Turn   | Place    | Note
-------+----------+-------------------------------------------
     0 | D:1      | p00ps00p the Demonspawn Fighter began the quest for the
                  | Orb.
     0 | D:1      | Reached XP level 1. HP: 18/18 MP: 1/1
   166 | D:1      | Found Pusuukhlu's Armour Emporium.
   174 | D:1      | Gained mutation: A meltable shield of frost defends you.
                  | (SH +4) [demonic ancestry]
   174 | D:1      | Reached XP level 2. HP: 24/24 MP: 2/2
   727 | D:1      | Reached skill level 4 in Fighting
   877 | D:2      | Noticed Terence
   888 | D:2      | Reached XP level 3. HP: 21/30 MP: 3/3
   889 | D:2      | Killed Terence
   997 | D:2      | Reached XP level 4. HP: 38/38 MP: 4/4
  1072 | D:2      | Reached skill level 5 in Fighting
  1079 | D:2      | Slain by a gnoll

Illustrated notes

Levels and vault maps discovered:
D:1:      saegor_arrival_simple_d, layout_basic, serial_shops,
          nicolae_shop_behind_doors, minmay_tromino_v4_c
D:2:      layout_basic, serial_forest, infiniplex_forest_corner_2,
          infiniplex_forest_clump_double, infiniplex_forest_clump_tiny,
          infiniplex_forest_3_way, infiniplex_forest_lined_4_way,
          infiniplex_forest_3_way, infiniplex_forest_end_2,
          infiniplex_forest_clump_small, infiniplex_forest_join, uniq_terence,
          uniq_jessica

Skill      XL: |  1  2  3  4 |
---------------+-------------+-----
Fighting       | 4 5 |  5.1
Axes           | |  1.7
Armour         | |  2.6
Shields        | |  2.6

Action                   |  1- 3 |  4- 6 || total
-------------------------+-------+-------++-------
Melee: War axe           |    55 |    12 ||    67
  Use: Potion            |     1 |     2 ||     3
Armor: Scale mail        |    15 |       ||    15
       Chain mail        |     1 |    16 ||    17
Dodge: Dodged            |    25 |     8 ||    33
Block: Buckler           |    33 |    22 ||    55

Table legend: (Time is in decaauts)
 A = Elapsed time spent in this place.
 B = Non-inter-level travel time spent in this place.
 C = Inter-level travel time spent in this place.
 D = Time resting spent in this place.
 E = Time spent auto-exploring this place.
 F = Levels seen in this place.
 G = Mean time per level.
                   A        B        C        D        E       F      G
               +--------+--------+--------+--------+--------+-----+--------+
         Total |   1110 |   1097 |     13 |      0 |    828 |   2 |  555.0 |
       Dungeon |   1110 |   1097 |     13 |      0 |    828 |   2 |  555.0 |
               +--------+--------+--------+--------+--------+-----+--------+

Top non-repeatable levels by time:
     D:1: 896 daAuts
     D:2: 214 daAuts
